Map: Newkirk Precinct TE (Void)

Players

prabuty

  • Race: Protoss Protoss
  • Spawn Location: 7:00

GuMiho - Winner!

  • Race: Terran Terran
  • Spawn Location: 5:00

Event: IEM XI Katowice - World Championship 2017

VOD

Have the link to the VOD?

Description

Time

  • Played on: Feb. 28, 2017, 4:30 a.m.
  • Length: 7:59

All games in this series

Show
View Real Time Build Order
Export as new Build Order

prabuty Protoss 

Build Orders: 1 Gate Expand, Blink Stalkers, Zealot Archon 

Get SALT Encoding   

  12  0:01  Probe (Chrono Boost)  
  13  0:11  Probe (Chrono Boost)  
  14  0:18  Pylon  
  14  0:22  Probe (Chrono Boost)  
  15  0:36  Probe (Chrono Boost)  
  15  0:37  Gateway  
  16  0:44  Assimilator  
  16  0:47  Probe (Chrono Boost)  
  17  0:58  Probe (Chrono Boost)  
  18  1:08  Probe (Chrono Boost)  
  19  1:19  Probe (Chrono Boost)  
  20  1:27  Nexus  
  20  1:36  Cybernetics Core  
  20  1:39  Probe (Chrono Boost)  
  21  1:43  Assimilator  
  21  1:50  Probe (Chrono Boost)  
  21  1:53  Pylon  
  22  2:01  Probe (Chrono Boost)  
  23  2:12  Adept, Mothership Core (Chrono Boost)  
  27  2:16  Warp Gate  
  27  2:32  Probe (Chrono Boost)  
  28  2:38  Adept  
  28  2:40  Probe (Chrono Boost)  
  28  2:44  Probe (Chrono Boost)  
  32  2:47  Robotics Facility  
  32  2:50  Probe (Chrono Boost)  
  33  2:56  Probe (Chrono Boost)  
  34  3:01  Twilight Council, Probe (Chrono Boost)  
  35  3:10  Pylon  
  34  3:25  Probe (Chrono Boost)  
  35  3:30  Probe (Chrono Boost)  
  36  3:34  Blink  
  36  3:36  Gateway  
  36  3:37  Probe (Chrono Boost), Gateway  
  36  3:41  Probe (Chrono Boost)  
  36  3:48  Observer  
  38  3:49  Probe (Chrono Boost)  
  38  3:53  Probe (Chrono Boost)  
  39  4:00  Probe (Chrono Boost)  
  40  4:05  Probe (Chrono Boost)  
  40  4:06  Pylon  
  40  4:09  Pylon  
  41  4:11  Probe (Chrono Boost)  
  43  4:18  Probe (Chrono Boost)  
  43  4:20  Observer  
  44  4:29  Stalker  
  46  4:36  Stalker x2  
  45  4:51  Probe (Chrono Boost)  
  45  4:52  Probe (Chrono Boost)  
  45  4:57  Stalker  
  45  4:59  Stalker  
  49  5:00  Stalker  
  49  5:02  Probe (Chrono Boost)  
  49  5:04  Probe (Chrono Boost)  
  49  5:06  Pylon  
  53  5:09  Assimilator  
  53  5:12  Assimilator  
  54  5:14  Probe (Chrono Boost)  
  54  5:15  Probe (Chrono Boost)  
  54  5:20  Pylon  
  55  5:24  Stalker  
  55  5:25  Probe (Chrono Boost)  
  55  5:26  Probe (Chrono Boost)  
  59  5:36  Probe (Chrono Boost)  
  59  5:38  Probe (Chrono Boost), Charge  
  59  5:41  Stalker x2  
  65  5:47  Probe (Chrono Boost)  
  67  5:50  Probe (Chrono Boost)  
  67  5:58  Probe (Chrono Boost)  
  67  6:00  Probe (Chrono Boost)  
  69  6:06  Nexus  
  69  6:12  Probe (Chrono Boost)  
  69  6:16  Templar Archives  
  69  6:23  Gateway  
  69  6:24  Gateway  
  69  6:26  Probe (Chrono Boost)  
  69  6:30  Probe (Chrono Boost)  
  69  6:31  Pylon  
  71  6:36  Probe (Chrono Boost)  
  72  6:41  Gateway  
  72  6:46  Pylon  
  73  6:47  Probe (Chrono Boost)  
  73  6:55  Gateway  
  73  7:00  Gateway, Probe (Chrono Boost)  
  74  7:03  Gateway  
  74  7:04  High Templar x2, Probe (Chrono Boost)  
  77  7:08  High Templar  
  77  7:09  Archon  
  79  7:20  Gateway x2  
  79  7:21  High Templar  
  79  7:25  Zealot, Probe (Chrono Boost)  
  79  7:26  Archon  
  82  7:37  Zealot  
  82  7:38  Zealot x2  
  72  7:50  Zealot x3  
Show
View Real Time Build Order
Export as new Build Order

GuMiho Terran - Winner!

Build Orders: Reaper Expand, MMM Bio 

Get SALT Encoding   

  12  0:01  SCV  
  13  0:13  SCV  
  14  0:18  Supply Depot  
  14  0:25  SCV  
  15  0:28  Refinery  
  15  0:39  SCV  
  16  0:45  Barracks  
  16  0:51  SCV  
  17  1:03  SCV  
  18  1:16  SCV  
  19  1:32  Reaper  
  19  1:33  Orbital Command  
  20  1:46  Command Center  
  20  1:57  Factory  
  20  2:00  SCV  
  21  2:05  Barracks Reactor  
  21  2:13  SCV  
  22  2:16  Supply Depot  
  22  2:21  Refinery  
  22  2:25  SCV  
  22  2:37  SCV  
  22  2:41  Marine, Widow Mine  
  22  2:42  Marine  
  27  2:49  Starport  
  27  2:50  SCV  
  28  3:00  Marine x2, Orbital Command  
  28  3:05  SCV  
  31  3:11  Widow Mine  
  33  3:18  Marine x2  
  34  3:22  SCV  
  35  3:29  SCV, Medivac  
  35  3:32  Supply Depot  
  38  3:36  Marine x2  
  38  3:38  SCV  
  37  3:41  SCV  
  37  3:46  Cyclone  
  41  3:53  SCV  
  41  3:54  Marine x2  
  44  3:55  SCV  
  43  4:05  SCV  
  43  4:06  Supply Depot  
  43  4:07  SCV  
  45  4:12  Barracks  
  45  4:14  Marine  
  46  4:18  Supply Depot  
  46  4:24  Factory Tech Lab  
  46  4:27  Marine  
  46  4:29  SCV x2, Barracks  
  49  4:41  SCV x2  
  49  4:44  Engineering Bay  
  49  4:49  Marine x2  
  49  4:50  Siege Tank  
  54  4:53  SCV  
  54  4:54  SCV  
  54  4:58  Starport Reactor  
  56  5:00  Barracks Tech Lab  
  56  5:04  Supply Depot  
  56  5:05  SCV  
  56  5:06  SCV  
  58  5:10  Marine x2  
  60  5:14  Terran Infantry Weapons Level 1  
  60  5:15  Refinery  
  60  5:18  Stimpack  
  60  5:20  SCV  
  60  5:21  SCV  
  62  5:26  Missile Turret  
  62  5:28  Combat Shields, Factory Reactor  
  62  5:31  Marine x2  
  62  5:35  Marauder  
  66  5:37  Marauder  
  66  5:41  Supply Depot  
  68  5:45  Supply Depot  
  68  5:47  SCV x2  
  68  5:49  Supply Depot  
  70  5:53  Refinery  
  68  5:59  SCV x2  
  68  6:03  Marauder x2  
  68  6:04  Supply Depot  
  74  6:06  Marine  
  74  6:07  Marine  
  74  6:09  Widow Mine  
  74  6:10  Widow Mine  
  80  6:17  Medivac x2  
  84  6:22  Supply Depot  
  84  6:23  SCV x2  
  86  6:27  Marauder  
  86  6:29  Marauder  
  86  6:30  Marine  
  86  6:31  Marine  
  92  6:39  Supply Depot  
  91  6:42  Supply Depot  
  91  6:46  Widow Mine  
  93  6:49  Widow Mine, Marauder  
  93  6:50  Marauder  
  101  6:56  Medivac x2  
  101  6:58  Marine  
  101  6:59  Marine  
  105  7:06  Supply Depot  
  104  7:10  Marauder  
  106  7:23  Command Center  
  106  7:25  Marine  
  106  7:27  Marine  
  106  7:28  Marine  
  109  7:31  SCV x2  
  113  7:56  Supply Depot  

Tags
 
Add a new tag
Caveats
  • Supply blocks, unpowered buildings, or Contaminate may cause inaccurate times.
  • Supply counts are checked every 10 seconds.